cohdb
Replays
Latest Replays
All Replays
Popular Replays
Top Player Replays
Match Explorer
How It Works
Community
CoH3 Stats
Reddit
Sign in to upload your games and track your stats! →
Sign in with Steam
Match 42960798
Unlisted
Match 42960798
Overview
Messages
Build Orders
End
Kradschützen Motorcycle Team
Kradschützen Motorcycle Team
Selects Armored Support Battlegroup
Selects Armored Support Battlegroup
250 Light Carrier
Construct Light Support Kompanie
Assault Grenadier Squad
Selects Superior Fire Drills
MG34 Team
Construct Mechanized Kompanie
Selects Salvage Kits
Panzerjäger Mechanized Group
Willaguy
steev
0
0
Comments
sign in to comment!
No comments posted yet!